AoeStats
← whisperedzen

Arabia

509385312Analyzed
1v1 RM · 5d ago on Sep 26, 2026· 57m 5s· 2 players
Game mode
Random Map
Map size
Tiny (2 player)
Population
200
Speed
Normal
Resources
Standard
Victory
Conquest
Starting age
Dark Age
Ending age
Imperial Age
RankedLock teamsTeams togetherTeam positionsShared explorationLock speedFull tech treeHidden civsTurbo modeCheats
Victory
Defeat
🇺🇾 Khmer · Uruguay
1257
+18
🇧🇷 Japanese · Brazil
1302
-18
Sopa
6:20 Loom
9:09 Feudal Age
9:34 Double-Bit Axe
10:13 Man-at-Arms
17:34 Fletching
20:17 Horse Collar
24:47 Castle Age
23:54 Scale Mail Armor
25:03 Forging
24:49 Long Swordsman
25:30 Squires
27:39 Iron Casting
27:21 Chain Mail Armor
26:54 Gambesons
27:21 Pikeman
33:30 Iron Casting
46:07 Bow Saw
whisperedzen
7:08 Loom
9:22 Feudal Age
9:54 Double-Bit Axe
15:13 Fletching
24:25 Castle Age
22:44 Horse Collar
22:57 Gold Mining
23:56 Scale Barding Armor
25:04 Forging
25:05 Bloodlines
25:33 Chain Barding Armor
25:50 Bow Saw
31:52 Wheelbarrow
31:56 Husbandry
34:34 Stone Mining
37:56 Bodkin Arrow
38:02 Padded Archer Armor
41:39 Imperial Age
38:57 Town Watch
43:14 Parthian Tactics
42:52 Bracer
45:01 Town Patrol
49:13 Heavy Plow
51:35 Chemistry
50:56 Ballistics
51:39 Chemistry
52:03 Spies/Treason
55:04 Hand Cart
55:55 Siege Engineers
Connection lost

Rejoining the realm…

Still unreachable

The connection could not be restored.

Session expired

The server has moved on; the page needs a fresh start.